 Dungeon Crawl Stone Soup version 0.28-a0-43-g560ac10 (webtiles) character file.

Game seed: 12576175075560205502

46 Illumine the Cutter (level 3, 35/35 HPs)
             Began as a Troll Brigand on July 27, 2021.
             Quit the game on level 2 of the Dungeon.
             The game lasted 00:02:12 (937 turns).

Illumine the Cutter (Troll Brigand)                  Turns: 937, Time: 00:02:12

Health: 35/35      AC:  5    Str: 20    XL:     3   Next: 46%
Magic:  11/11      EV:  9    Int:  7    God:
Gold:   43         SH:  0    Dex: 11    Spells: 2/2 levels left

rFire   . . .      SeeInvis .   j - +2 short sword (flame)
rCold   . . .      Faith    .   (no shield)
rNeg    . . .      Spirit   .   b - +0 robe
rPois   .          Reflect  .   (helmet restricted)
rElec   .          Harm     .   c - +0 cloak
rCorr   .          Rampage  .   (gloves unavailable)
Will    .....                   (boots unavailable)
Stlth   ++........              (no amulet)
HPRegen 1.11/turn               q - ring of magical power
MPRegen 0.12/turn               (no ring)

@: no status effects
A: large, unfitting armour, claws 3, regeneration 1, shaggy fur 1, tough skin 1
a: no special abilities


You were on level 2 of the Dungeon.
You visited 1 branch of the dungeon, and saw 2 of its levels.

You collected 43 gold pieces.

Inventory:

Hand Weapons
 a - a +2 dagger
 j - a +2 short sword of flaming (weapon)
 l - a +1 hunting sling of flaming
Missiles
 d - 19 poisoned darts (quivered)
 e - 2 curare-tipped darts
 p - 24 stones
Armour
 b - a +0 robe (worn)
 c - a +0 cloak (worn)
Jewellery
 q - a ring of magical power (left claw)
Scrolls
 g - a scroll of noise {unknown}
 k - 3 scrolls of identify {unknown}
 n - a scroll of blinking {unknown}
 o - a scroll of amnesia {unknown}
Potions
 f - a potion of degeneration {unknown}
 h - a potion of heal wounds {unknown}
 i - a potion of flight {unknown}
 m - a potion of attraction {unknown}


   Skills:
 + Level 2.0 Fighting
 * Level 2.5 Short Blades
 + Level 2.3 Throwing
 - Level 0.7 Dodging
 - Level 2.1 Stealth


You had 2 spell levels left.
You didn't know any spells.
Your spell library contained the following spells:

 Spells                   Type           Power      Damage    Failure   Level
 Corona                   Hex            0%         N/A       43%         1
 Sandblast                Erth           0%         2d4       43%         1
 Ensorcelled Hibernation  Hex/Ice        0%         N/A       56%         2
 Passwall                 Tmut/Erth      0%         N/A       56%         2
 Tukima's Dance           Hex            0%         N/A       80%         3
 Lee's Rapid Deconstruct  Erth           0%         3d5*      100%        5


Dungeon Overview and Level Annotations

Branches:
Dungeon (2/15)

Altars:

Shops:
D:1 (


Innate Abilities, Weirdness & Mutations

You are too large for most types of armour.
You have claws for hands.
Your natural rate of healing is unusually fast.
You are covered in fur. (AC +1)
You have tough skin. (AC +1)


Message History

You kill the adder!
You start waiting.
p - 19 stones (gained 1)
A kobold comes into view. It is wielding a +0 short sword.
The kobold shouts!
The kobold throws a stone.
The stone hits you but does no damage.
Found a book of Geomancy.
You see here 2 stones.
The kobold closely misses you.
Found a scroll labelled IXTECI ARIAG.
You hit the kobold. You burn the kobold.
You kill the kobold!
p - 22 stones (gained 3)
Things that are here:
a +0 short sword; a kobold corpse
p - 24 stones (gained 2)
k - 2 scrolls labelled IXTECI ARIAG (gained 1)
You pick up a book of Geomancy and begin reading...
You add the spells Sandblast, Passwall and Lee's Rapid Deconstruction to your library.
Found a stone staircase leading down.
k - 3 scrolls labelled IXTECI ARIAG (gained 1)
An endoplasm comes into view.
An endoplasm is nearby!
The endoplasm quivers.
Found 18 arrows.
Found a stone staircase leading up.
You hit the endoplasm. You burn the endoplasm.
The endoplasm is severely wounded.
The endoplasm hits you.
You hit the endoplasm. You burn the endoplasm.
You kill the endoplasm!
Found a stone staircase leading up.
q - a ring of magical power You feel your magic capacity increase.
q - a ring of magical power (left claw) Magic restored.
Found a robe.
You see here 18 arrows.
You see here a +0 robe.
A bat comes into view.
Are you sure you want to abandon this character and quit the game? (Confirm with "yes".)

#..
#..####.####
#..
###.####(#
..#
#..[.....#
#.#
#.#...####
###
#.###.###.#
.. ##.#...#
#.# #
#....### #.#
## . #..###
#.. .##...
#@.# ##.
.......
#...# ##
######.
..^#.# #
.......# # .
#........
####..
..#........
#....# #
.........
..# #.b#..
##.. #####


You could see a bat (asleep).

Vanquished Creatures
  An adder (D:2)
  A gnoll (D:1)
  A bat (D:2)
  2 endoplasms
  2 giant cockroaches (D:1)
  4 goblins
  A hobgoblin (D:2)
  4 jackals (D:1)
  A quokka (D:1)
  2 ball pythons
  5 kobolds
24 creatures vanquished.

Notes
Turn   | Place    | Note
-------+----------+-------------------------------------------
     0 | D:1      | Illumine the Troll Brigand began the quest for the Orb.
     0 | D:1      | Reached XP level 1. HP: 19/19 MP: 0/0
    38 | D:1      | Found Weefoj's Antique Weapon Shop.
   181 | D:1      | Upgraded the game from 0.28-a0-29-g0adfcbb to
                  | 0.28-a0-43-g560ac10
   211 | D:1      | Reached XP level 2. HP: 28/28 MP: 1/1
   607 | D:1      | Reached XP level 3. HP: 35/35 MP: 2/2
   937 | D:2      | Quit the game

Illustrated notes

Levels and vault maps discovered:
D:1:      wheals_arrival_shading, layout_loops_cross, serial_shops, shop,
          chequers_serial_rivers_marsh, minmay_misc_feat_room
D:2:      layout_rooms, serial_shops, nicolae_lakefront_shop,
          uniq_crazy_yiuf_cottage, uniq_terence

Skill      XL: |  1  2 |
---------------+-------+-----
Throwing       | 2 |  2.3
Short Blades   | 2 |  2.5
Fighting       | 2 |  2.0
Dodging        | |  0.7
Stealth        | |  2.1

Action                   || total
-------------------------++-------
Melee: Dagger            ||    52
       Short sword       ||    28
 Fire: Hunting sling     ||     3
 Stab: Sleeping          ||     4
Armor: Robe              ||    29
Dodge: Dodged            ||    37

Table legend: (Time is in decaauts)
 A = Elapsed time spent in this place.
 B = Non-inter-level travel time spent in this place.
 C = Inter-level travel time spent in this place.
 D = Time resting spent in this place.
 E = Time spent auto-exploring this place.
 F = Levels seen in this place.
 G = Mean time per level.
                   A        B        C        D        E       F      G
               +--------+--------+--------+--------+--------+-----+--------+
         Total |    934 |    890 |     44 |     53 |    595 |   2 |  467.0 |
       Dungeon |    934 |    890 |     44 |     53 |    595 |   2 |  467.0 |
               +--------+--------+--------+--------+--------+-----+--------+

Top non-repeatable levels by time:
     D:1: 628 daAuts
     D:2: 306 daAuts
